 Dungeon Crawl Stone Soup version 0.29.1-12-g30fa7ad0bf (webtiles) character file.

Game seed: 7500209577078256018

2123 MacCMillion the Cleaver (level 9, -6/64 HPs)
             Began as a Formicid Fighter on Jan 15, 2023.
             Was a Follower of Okawaru.
             Mangled by a five-headed hydra (13 damage)
             ... on level 7 of the Dungeon.
             The game lasted 00:16:46 (4711 turns).

MacCMillion the Cleaver (Formicid Fighter)          Turns: 4711, Time: 00:16:47

Health: -6/64      AC: 10    Str: 26    XL:     9   Next: 54%
Magic:  12/12      EV:  6    Int: 11    God:    Okawaru [*.....]
Gold:   260        SH: 18    Dex: 23    Spells: 8/8 levels left

rFire   . . .      SeeInvis +   l - +1 hand axe (vamp)
rCold   . . .      Faith    .   p - +0 tower shield "Miehi" {Regen+ Dex+4 Slay+3}
rNeg    . . .      Spirit   .   H - +0 chain mail
rPois   +          Reflect  .   (helmet unavailable)
rElec   .          Harm     .   (no cloak)
rCorr   .          Rampage  .   e - +0 pair of gloves
Will    .....                   (no boots)
Stlth   ..........              (no amulet)
HPRegen 1.00/turn               n - +6 ring of dexterity
MPRegen 0.13/turn               q - ring of Uclizir {rPois Int+4}

@: no status effects
A: permanent stasis, dig shafts and tunnels, antennae 3, four strong arms
a: Dig, Shaft Self, Renounce Religion, Heroism


You were on level 7 of the Dungeon.
You worshipped Okawaru.
Okawaru was aware of your devotion.
You visited 1 branch of the dungeon, and saw 7 of its levels.
You also visited: Ossuary.

You collected 260 gold pieces.

Inventory:

Hand Weapons
 a - a +0 war axe
 l - a +1 vampiric hand axe (weapon)
Missiles
 t - 12 poisoned darts
Armour
 b - a +0 scale mail
 c - a +0 buckler
 e - a +0 pair of gloves (worn)
 p - the +0 tower shield "Miehi" (worn) {Regen+ Dex+4 Slay+3}
   (You found it on level 2 of the Dungeon)

   Dex:       It affects your dexterity (+4).
   Slay:      It affects your accuracy & damage with ranged weapons and melee
   (+3).
   Regen:     It increases your rate of health regeneration.
 H - a +0 chain mail (worn)
Jewellery
 n - a +6 ring of dexterity (left hand)
 q - the ring of Uclizir (right hand) {rPois Int+4}
   (You found it on level 6 of the Dungeon)

   [ring of poison resistance]

   Int:       It affects your intelligence (+4).
   rPois:     It protects you from poison.
 F - an amulet of reflection
Wands
 u - a wand of iceblast (5)
 v - a wand of light (4)
 B - a wand of mindburst (8)
Scrolls
 d - a scroll of brand weapon
 f - a scroll of amnesia
 g - a scroll of torment
 j - 2 scrolls of poison
 o - 3 scrolls of immolation
 s - a scroll of magic mapping
 x - a scroll of vulnerability
 y - 2 scrolls of noise
 G - a scroll of summoning
Potions
 h - 2 potions of attraction
 i - 2 potions of heal wounds
 k - a potion of brilliance
 m - 2 potions of mutation
 r - 2 potions of haste
 w - 2 potions of lignification {unknown}
 z - a potion of berserk rage {unknown}
 A - 4 potions of curing {unknown}
 C - 2 potions of degeneration {unknown}
 D - a potion of flight {unknown}
 E - 2 potions of ambrosia {unknown}


   Skills:
 - Level 3.2 Fighting
 * Level 9.6 Axes
 - Level 3.2 Armour
 + Level 9.5 Shields
 + Level 4.0 Invocations


You had 8 spell levels left.
You didn't know any spells.
Your spell library contained the following spells:

 Spells                   Type           Power      Damage    Failure   Level
 Slow                     Hex            0%         N/A       100%        1
 Sublimation of Blood     Necr           0%         N/A       100%        2
 Wereblood                Tmut           0%         N/A       100%        2
 Confusing Touch          Hex            0%         N/A       100%        3
 Ozocubu's Armour         Ice            0%         N/A       100%        3
 Vampiric Draining        Necr           0%         2d6       100%        3
 Petrify                  Tmut/Erth      0%         N/A       100%        4
 Irradiate                Conj/Tmut      0%         3d11      100%        5
 Metabolic Englaciation   Hex/Ice        0%         N/A       100%        5
 Summon Small Mammal      Summ           Unusable   N/A       N/A         1
 Call Canine Familiar     Summ           Unusable   N/A       N/A         3
 Summon Guardian Golem    Hex/Summ       Unusable   N/A       N/A         3
 Simulacrum               Ice/Necr       Unusable   N/A       N/A         6
 Summon Hydra             Summ           Unusable   N/A       N/A         7

Dungeon Overview and Level Annotations

Branches:
Dungeon (7/15)            Ossuary (visited)
 Temple: D:4-7

Altars:
Fedhas
Hepliaklqana
Okawaru
Ru
Wu Jian
The Shining One

Shops:
D:6 *


Innate Abilities, Weirdness & Mutations

You cannot be hasted, slowed, berserked, paralysed or teleported.
You can dig through walls and to a lower floor.
You have a pair of large antennae on your head. (SInv)
Your four strong arms can wield two-handed weapons with a shield.


Message History

Press: ? - help, Shift-Dir - straight line, f - five-headed hydra
Aim: a five-headed hydra (90% to hit)
The bolt of light hits the five-headed hydra!!
The five-headed hydra is moderately wounded.
The five-headed hydra is blinded.
You block the five-headed hydra's attack. x2
The five-headed hydra barely misses you.
You block the five-headed hydra's attack.
The five-headed hydra barely misses you.
Unknown command.
The five-headed hydra is no longer blind.
The five-headed hydra attacks as you move away!
The five-headed hydra bites you. x2; The five-headed hydra bites you!
* * * LOW HITPOINT WARNING * * *
The five-headed hydra bites you.
* * * LOW HITPOINT WARNING * * *
The five-headed hydra bites you.
* * * LOW HITPOINT WARNING * * *
A black bear comes into view.
The black bear growls angrily.
Aiming: Bolt of Light
Press: ? - help, Shift-Dir - straight line, f/p - five-headed hydra
Aim: a five-headed hydra (lightly wounded, 90% to hit)
The bolt of light hits the five-headed hydra!
The five-headed hydra is moderately wounded.
The five-headed hydra is blinded.
You block the five-headed hydra's attack.
The five-headed hydra bites you.
* * * LOW HITPOINT WARNING * * *
The five-headed hydra bites you but does no damage.
You block the five-headed hydra's attack. x2
Unknown command.
There is a stone staircase leading up here.
The five-headed hydra is no longer blind.
You block the five-headed hydra's attack.
The five-headed hydra bites you but does no damage.
The five-headed hydra bites you.
* * * LOW HITPOINT WARNING * * *
The five-headed hydra bites you!
You die...

##................##
.###........#........#
...... #....#......###
......###.........##
...........##...####
#.........##......#
##.....####...##.#
.##.....hD####.##~~~#
.........@.# ###~~#~#
.....>.#.### #~_ ~#
...#..#### #~~ ~#
.#.... ##~ ~# ###. ##
## ##


You could see a five-headed hydra and a black bear.

Vanquished Creatures
  A wyvern (D:5)
  A steam dragon (D:6)
  2 black bears
  2 orc warriors (D:6)
  An ogre (D:4)
  A phantom (D:4)
  A scorpion (D:6)
  A bullfrog (D:6)
  5 water moccasin zombies (Ossuary)
  2 killer bees (D:7)
  A howler monkey (D:4)
  A jelly (D:5)
  An orc priest (D:6)
  7 hounds
  A gnoll bouda (D:6)
  5 iguanas
  2 orc wizards
  2 mummies (Ossuary)
  9 gnolls
  8 adders
  A shadow imp (D:7)
  2 ufetubi
  3 adder zombies (Ossuary)
  6 dart slugs
  14 orcs
  8 endoplasms
  A giant cockroach (D:4)
  5 gnoll zombies (Ossuary)
  6 goblins
  3 hobgoblins
  2 jackals (D:4)
  4 kobolds
  4 quokkas
  7 ball pythons
  5 bats
  3 frilled lizards
  10 hobgoblin zombies (Ossuary)
  3 kobold zombies (Ossuary)
  5 orc zombies (Ossuary)
  9 rats
155 creatures vanquished.

Vanquished Creatures (others)
  A plant (D:3)
1 creature vanquished.

Grand Total: 156 creatures vanquished

Notes
Turn   | Place    | Note
-------+----------+-------------------------------------------
     0 | D:1      | MacCMillion the Formicid Fighter began the quest for the
                  | Orb.
     0 | D:1      | Reached XP level 1. HP: 18/18 MP: 1/1
    85 | D:1      | Found a faded altar of an unknown god.
   227 | D:1      | Reached XP level 2. HP: 24/24 MP: 2/2
   578 | D:2      | Reached XP level 3. HP: 29/29 MP: 3/3
   802 | D:2      | Identified the +0 tower shield "Miehi" {Regen+ Dex+4
                  | Slay+3}
   852 | D:2      | Reached XP level 4. HP: 35/35 MP: 4/4
  1290 | D:3      | Found a hazy altar of Hepliaklqana.
  1375 | D:3      | Reached skill level 5 in Shields
  1430 | D:3      | Reached XP level 5. HP: 41/41 MP: 5/5
  2083 | D:4      | Reached skill level 5 in Axes
  2083 | D:4      | Reached XP level 6. HP: 47/47 MP: 6/6
  2190 | D:4      | Noticed an ogre
  2200 | D:4      | Killed an ogre
  2223 | D:4      | Reached XP level 7. HP: 52/52 MP: 7/7
  2348 | D:5      | Entered Level 5 of the Dungeon
  2696 | D:5      | Found a sand-covered staircase.
  2710 | Ossuary  | Entered an ossuary
  2916 | Ossuary  | Reached XP level 8. HP: 58/58 MP: 8/8
  3181 | D:5      | Noticed a wyvern
  3190 | D:5      | Killed a wyvern
  3358 | D:5      | Found a glowing golden altar of the Shining One.
  3366 | D:5      | Found an iron altar of Okawaru.
  3374 | D:5      | Became a worshipper of Warmaster Okawaru
  3541 | D:6      | Reached skill level 1 in Invocations
  3723 | D:6      | Reached XP level 9. HP: 55/64 MP: 8/10
  3729 | D:6      | Reached * piety under Okawaru
  3967 | D:6      | Identified the ring of Uclizir {rPois Int+4}
  3998 | D:6      | Found Fiddops's Neck Hole.
  4556 | D:7      | Found a sacrificial altar of Ru.
  4630 | D:7      | Found a blossoming altar of Fedhas.
  4632 | D:7      | Found an ornate altar of the Wu Jian Council.
  4694 | D:7      | Found a hazy altar of Hepliaklqana.
  4694 | D:7      | Noticed a five-headed hydra
  4711 | D:7      | Mangled by a five-headed hydra

Illustrated notes

Levels and vault maps discovered:
D:1:      lightli_arrival_flooded_house, layout_rooms,
          ebering_ecumenical_altar_petrified, hex_medium,
          amcnicky_mini_corridor_feature, corexii_leaking_fountain
D:2:      layout_basic, minmay_tiny_reverse_x
D:3:      layout_rooms, nicolae_hepliaklqana_hazy_memory,
          nicolae_elevator_lobby_plus
D:4:      minmay_chambers_of_threes, layout_loops_ring, serial_bayou_pond_d
D:5:      layout_gridville, old_standard_altar, tso_oasis_becter,
          nicolae_ossuary_entry_ruins, grunt_decor_resistance
D:6:      layout_loops_ring, nicolae_shop_sticking_my_neck_out
D:7:      layout_cave_pools, grunt_temple_overflow_open,
          minmay_temple_entry_ruins, hangedman_feature_mirror

Skill      XL: |  1  2  3  4  5  6  7  8  9 |
---------------+----------------------------+-----
Axes           | 3 4 5 7 8 9 |  9.6
Shields        | 5 6 7 8 9 |  9.5
Invocations    | 2 4 |  4.0
Fighting       | |  3.2
Armour         | |  3.2

Action                   |  1- 3 |  4- 6 |  7- 9 || total
-------------------------+-------+-------+-------++-------
Melee: War axe           |    45 |       |       ||    45
       Hand axe          |    31 |   105 |   362 ||   498
Evoke: Wand              |       |     3 |     4 ||     7
  Use: Scroll            |       |    11 |     8 ||    19
       Potion            |       |       |     1 ||     1
 Stab: Invisible         |       |     2 |       ||     2
Armor: Scale mail        |    29 |    22 |    50 ||   101
       Chain mail        |       |       |    16 ||    16
Dodge: Dodged            |    27 |    12 |    44 ||    83
Block: Buckler           |    18 |       |       ||    18
       Tower shield      |     6 |    84 |   304 ||   394
